 Dungeon Crawl Stone Soup version 0.20.0-15-g7f486f2 (webtiles) character file.

48 dvd the Covered (level 3, -4/29 HPs)
             Began as a Minotaur Wanderer on June 13, 2017.
             Slain by Natasha (7 damage)
             ... on level 2 of the Dungeon.
             The game lasted 00:02:33 (1107 turns).

dvd the Covered (Minotaur Wanderer)                 Turns: 1107, Time: 00:02:33

Health: -4/29      AC:  7    Str: 17    XL:     3   Next: 50%
Magic:  2/2        EV: 10    Int:  8    God:
Gold:   42         SH:  0    Dex: 10    Spells: 2/2 levels left

rFire    . . .     SeeInvis .   h - +0 club
rCold    . . .     Gourm    .   (no shield)
rNeg     . . .     Faith    .   i - +0 ring mail
rPois    .         Spirit   .   (helmet restricted)
rElec    .         Reflect  .   q - +0 cloak
rCorr    .         Harm     .   (no gloves)
MR       +....                  (no boots)
Stlth    +.........             (no amulet)
Regen    0.1/turn               o - ring of protection from magic
MPRegen  0.1/turn               (no ring)

@: no status effects
A: retaliatory headbutt, horns 2
a: no special abilities


You were on level 2 of the Dungeon.
You were not hungry.

You visited 1 branch of the dungeon, and saw 2 of its levels.

You collected 42 gold pieces.

Inventory:

Hand Weapons
 a - a +2 dagger
 c - a +0 shortbow
 h - a +0 club (weapon)
Missiles
 d - 25 arrows
 j - 2 tomahawks (quivered)
Armour
 f - a +0 robe
 i - a +0 ring mail (worn)
 q - a +0 cloak (worn)
Jewellery
 o - a ring of protection from magic (left hand)
Wands
 e - a wand of random effects (15/48)
Scrolls
 b - 2 scrolls of fear
 m - a scroll of identify {unknown}
 n - a scroll of teleportation {unknown}
 r - a scroll of remove curse {unknown}
 t - a scroll of amnesia {unknown}
Potions
 p - a potion of heal wounds {unknown}
 s - a potion of curing {unknown}
 u - a potion of haste {unknown}
Comestibles
 g - a bread ration
 k - a meat ration
 l - 2 chunks of flesh


   Skills:
 + Level 1.9 Fighting
   Level 2.4(2.5) Axes
 + Level 0.8(1.7) Maces & Flails
 + Level 4.1 Armour
 + Level 1.1 Stealth
   Level 2.1 Translocations
 + Level 1.0 Evocations


You had 2 spell levels left.
You didn't know any spells.

Dungeon Overview and Level Annotations

Branches:
Dungeon (2/15)

Altars:

Annotations:
D:2 Natasha


Innate Abilities, Weirdness & Mutations

You reflexively headbutt those who attack you in melee.
You have a pair of horns on your head.


Message History

The kobold hits you with a short sword. Natasha claws you.
You closely miss Natasha. Natasha claws you. The kobold barely misses you.
The kobold hits you with a short sword. Natasha claws you!
You barely miss the kobold. Natasha claws you.
The kobold hits you with a short sword.
* * * LOW HITPOINT WARNING * * *
Unknown command.
You barely miss the kobold. The kobold barely misses you.
Natasha claws you but does no damage.
You hit the kobold but do no damage. Your headbutt misses the kobold.
The kobold hits you but does no damage.
Natasha casts a spell.
You barely miss the kobold. The kobold hits you but does no damage.
Natasha barely misses you.
You closely miss Natasha. Your headbutt misses Natasha. Natasha claws you.
* * * LOW HITPOINT WARNING * * *
The kobold hits you with a short sword.
* * * LOW HITPOINT WARNING * * *
Natasha claws you!
You die...

#......###.####
#########......'...#
#..............#####
#..............#
#.........######
#.........#
#......†..#
#....5....#
#....h@K..#
#.........#
#.........#
#.........#
#.[.......#
#.........#
###########


You could see Natasha, a white imp and a kobold.

Vanquished Creatures
  A dart slug (D:1)
  2 leopard geckos
  4 bats (D:1)
  2 giant cockroaches (D:1)
  4 goblins
  5 hobgoblins (D:1)
  5 jackals (D:1)
  A quokka (D:2)
  4 frilled lizards
  9 kobolds
37 creatures vanquished.

Notes
Turn   | Place    | Note
-------+----------+-------------------------------------------
     0 | D:1      | dvd the Minotaur Wanderer began the quest for the Orb.
     0 | D:1      | dvd set off with: a +2 dagger, a scroll of fear, a +0 shortbow, 25 arrows, a wand of random effects (15/48), a +0 robe, a bread ration
     0 | D:1      | Reached XP level 1. HP: 16/16 MP: 0/0
   120 | D:1      | Reached skill level 3 in Armour
   171 | D:1      | Reached XP level 2. HP: 16/23 MP: 1/1
   607 | D:1      | Reached XP level 3. HP: 20/28 MP: 2/2
   893 | D:1      | Reached skill level 4 in Armour
  1098 | D:2      | Noticed Natasha
  1107 | D:2      | Slain by Natasha

Skill      XL: |  1  2  3 |
---------------+----------+-----
Armour         | 3 4 |  4.1
Fighting       | |  1.9
Axes           | |  2.4
Maces & Flails | |  0.8
Stealth        | |  1.1
Translocations | |  2.1
Evocations     | |  1.0

Action                   || total
-------------------------++-------
Melee: Club              ||    93
       Dagger            ||     8
       Headbutt          ||    13
Throw: Tomahawk          ||     1
  Eat: Chunk             ||     1
Armor: Robe              ||     6
       Ring mail         ||    50
Dodge: Dodged            ||    75
